Map: 2000 Atmospheres LE

Players

Harstem - Winner!

  • Race: Protoss Protoss

SortOf

  • Race: Zerg Zerg

Event: DreamHack SC2 Masters 2021 Fall

VOD

Have the link to the VOD?

Description

Time

  • Played on: Aug. 8, 2021, 10:33 a.m.
  • Length: 11:02

All games in this series

Show
View Real Time Build Order
Export as new Build Order

Harstem Protoss - Winner!

Build Orders: 1 Gate Expand, Oracle Opening, Zealot Archon 

Get SALT Encoding   

  12  0:00  Probe  
  13  0:12  Probe  
  14  0:19  Pylon  
  14  0:24  Probe  
  15  0:37  Probe (Chrono Boost)  
  15  0:40  Gateway  
  16  0:47  Probe (Chrono Boost)  
  17  0:52  Probe (Chrono Boost)  
  18  1:14  Nexus  
  18  1:20  Assimilator  
  18  1:22  Probe  
  19  1:32  Cybernetics Core  
  19  1:35  Probe  
  20  1:42  Zealot  
  22  1:49  Pylon  
  22  1:52  Probe  
  23  2:00  Assimilator  
  23  2:07  Adept (Chrono Boost), Probe (Chrono Boost)  
  26  2:18  Probe (Chrono Boost)  
  27  2:23  Probe (Chrono Boost)  
  27  2:26  Probe  
  27  2:27  Adept (Chrono Boost)  
  29  2:33  Probe  
  32  2:38  Probe  
  33  2:45  Stargate, Probe  
  33  2:50  Adept, Probe  
  37  2:57  Probe  
  38  3:02  Pylon, Probe  
  39  3:09  Probe  
  39  3:12  Warp Gate  
  40  3:14  Probe  
  41  3:21  Probe  
  42  3:28  Oracle (Chrono Boost)  
  42  3:32  Probe  
  42  3:34  Probe  
  45  3:38  Gateway  
  45  3:44  Probe  
  45  3:46  Probe  
  47  3:50  Nexus  
  47  3:57  Probe  
  47  3:58  Oracle (Chrono Boost), Probe  
  47  4:01  Pylon  
  52  4:09  Probe  
  53  4:10  Probe  
  53  4:15  Assimilator  
  54  4:17  Assimilator  
  54  4:19  Stalker  
  54  4:20  Forge  
  54  4:21  Probe  
  54  4:22  Probe  
  58  4:26  Pylon  
  58  4:32  Oracle (Chrono Boost)  
  58  4:33  Probe (Chrono Boost)  
  62  4:41  Pylon  
  64  4:46  Probe (Chrono Boost)  
  64  4:47  Probe (Chrono Boost)  
  65  4:55  Probe (Chrono Boost)  
  65  4:56  Probe (Chrono Boost)  
  66  5:00  Twilight Council, Probe (Chrono Boost)  
  66  5:03  Probe (Chrono Boost)  
  66  5:05  Gateway  
  66  5:06  Sentry x2  
  73  5:07  Gateway  
  73  5:09  Probe (Chrono Boost)  
  73  5:10  Shield Battery  
  73  5:11  Protoss Ground Weapons Level 1 (Chrono Boost)  
  74  5:15  Probe x2 (Chrono Boost)  
  76  5:23  Probe x2 (Chrono Boost)  
  76  5:24  Gateway  
  76  5:26  Gateway  
  76  5:27  Probe (Chrono Boost)  
  78  5:31  Charge  
  78  5:34  Probe  
  78  5:35  Probe  
  80  5:39  Probe  
  80  5:41  Pylon  
  80  5:42  Robotics Facility  
  82  5:51  Probe  
  82  5:52  Assimilator  
  82  5:56  Gateway, Probe  
  83  5:57  Assimilator  
  83  5:58  Templar Archives, Gateway  
  83  6:03  Probe  
  84  6:04  Gateway  
  84  6:07  Gateway  
  84  6:09  Pylon, Probe  
  85  6:12  Probe  
  86  6:22  Probe  
  86  6:25  Pylon, Warp Prism (Chrono Boost)  
  87  6:31  Zealot x2  
  93  6:35  Photon Cannon  
  93  6:36  Pylon, High Templar x3  
  93  6:37  High Templar  
  101  6:40  Archon x2  
  101  6:43  Pylon  
  101  6:44  Probe  
  101  6:45  Pylon  
  102  6:51  Pylon  
  102  7:03  High Templar x2, Zealot x4  
  102  7:07  Pylon  
  102  7:08  Archon  
  114  7:11  Zealot  
  114  7:12  Zealot x3  
  114  7:13  Protoss Ground Weapons Level 2  
  122  7:16  Immortal (Chrono Boost)  
  126  7:25  Phoenix  
  128  7:30  Probe  
  128  7:32  Robotics Bay  
  128  7:36  Robotics Facility  
  129  7:40  Probe  
  129  7:41  Shield Battery  
  129  7:42  Zealot x3  
  136  7:45  Observer (Chrono Boost)  
  137  7:54  Probe  
  137  7:57  Nexus, Shield Battery  
  138  7:58  High Templar x2  
  138  7:59  Shield Battery, Zealot x2  
  138  8:01  Pylon  
  138  8:02  Archon  
  146  8:22  High Templar x2  
  146  8:23  Zealot x6  
  160  8:27  Archon  
  160  8:28  Disruptor (Chrono Boost)  
  163  8:34  Pylon  
  163  8:39  Photon Cannon  
  163  8:41  Photon Cannon  
  163  8:42  Pylon  
  158  8:49  Disruptor (Chrono Boost)  
  158  8:54  Zealot x5  
  168  9:01  Disruptor (Chrono Boost)  
  168  9:02  Pylon  
  165  9:13  Zealot x2  
  164  9:21  Disruptor  
  153  9:29  Zealot x3  
  153  9:30  Zealot x2  
  147  9:33  Disruptor  
  147  9:38  Zealot x5  
  141  9:45  Probe (Chrono Boost)  
  141  9:46  Photon Cannon  
  141  9:50  Photon Cannon  
  141  9:53  High Templar x4  
  141  9:56  Disruptor  
  141  9:57  Archon  
  141  9:58  Probe (Chrono Boost)  
  153  10:00  Assimilator  
  153  10:02  Assimilator  
  153  10:06  Archon  
  153  10:09  Zealot x2  
  153  10:10  Zealot x4  
  153  10:11  Probe  
  153  10:12  Probe  
  167  10:17  Pylon  
  167  10:19  Pylon  
  167  10:26  Stalker x4  
  175  10:31  Probe x2  
  175  10:35  Zealot x5  
Show
View Real Time Build Order
Export as new Build Order

SortOf Zerg 

Build Orders: Hatch First 

Get SALT Encoding   

  12  0:00  Drone  
  13  0:12  Overlord  
  13  0:17  Drone  
  14  0:31  Drone x2  
  16  0:49  Hatchery  
  15  0:52  Drone  
  15  0:55  Drone  
  17  0:59  Drone  
  18  1:10  Extractor  
  17  1:15  Spawning Pool  
  17  1:17  Drone  
  17  1:20  Drone  
  18  1:28  Drone  
  19  1:38  Drone  
  20  1:50  Overlord  
  20  2:01  Queen x2  
  20  2:03  Drone  
  20  2:04  Zergling x2  
  26  2:12  Drone  
  26  2:14  Zergling x2  
  26  2:15  Metabolic Boost  
  28  2:23  Drone x2  
  30  2:35  Hatchery  
  29  2:37  Zergling x2  
  29  2:43  Queen  
  32  2:47  Zergling x2  
  32  2:50  Zergling x2  
  34  2:53  Overlord  
  34  2:56  Drone  
  34  2:57  Drone  
  36  3:11  Queen  
  36  3:12  Overlord  
  38  3:13  Drone x2  
  38  3:17  Zergling x2  
  41  3:22  Drone  
  41  3:23  Drone  
  42  3:31  Drone x4  
  42  3:34  Drone  
  43  3:42  Spore Crawler  
  43  3:45  Drone x2  
  43  3:47  Queen  
  45  3:53  Drone x2  
  47  3:57  Queen  
  49  4:07  Drone x4  
  50  4:10  Drone x3  
  50  4:16  Overlord  
  52  4:19  Drone x2  
  52  4:21  Overlord  
  54  4:25  Spore Crawler  
  54  4:26  Drone x2  
  54  4:29  Overlord  
  54  4:31  Drone  
  56  4:34  Drone  
  56  4:35  Drone x2  
  59  4:39  Drone x2  
  59  4:45  Drone  
  62  4:46  Roach Warren  
  62  4:47  Drone x2  
  62  4:50  Zergling x4  
  62  4:52  Drone  
  66  4:55  Extractor  
  66  4:57  Drone x4  
  66  4:59  Extractor, Drone  
  69  5:03  Overlord  
  69  5:06  Drone x4  
  73  5:10  Overlord  
  73  5:13  Overlord  
  73  5:15  Spore Crawler  
  73  5:17  Overlord  
  73  5:21  Queen  
  74  5:27  Drone x2  
  74  5:28  Lair  
  76  5:29  Overlord  
  76  5:32  Queen  
  76  5:33  Drone x2  
  76  5:34  Drone  
  76  5:35  Drone  
  80  5:37  Drone x2  
  80  5:38  Extractor  
  81  5:43  Drone x4  
  81  5:48  Evolution Chamber  
  81  5:49  Baneling Nest  
  81  5:57  Extractor  
  81  5:58  Drone x2  
  81  6:02  Roach x4  
  89  6:06  Hatchery  
  89  6:09  Extractor, Roach x4  
  89  6:11  Overlord  
  95  6:20  Zerg Missile Weapons Level 1  
  95  6:22  Roach x5  
  105  6:25  Overlord  
  105  6:27  Roach  
  105  6:31  Roach x3  
  113  6:35  Overlord  
  113  6:40  Overlord  
  113  6:41  Overseer  
  113  6:46  Roach x6  
  124  6:54  Roach x3  
  128  7:02  Queen  
  128  7:05  Drone x4  
  128  7:06  Overlord x3  
  134  7:09  Centrifical Hooks  
  134  7:16  Roach x2  
  134  7:18  Overlord  
  134  7:20  Roach x3  
  144  7:25  Ravager x5  
  144  7:29  Glial Reconstitution  
  149  7:32  Zergling x12  
  155  7:38  Roach x4  
  155  7:42  Overlord  
  163  7:51  Roach x6  
  175  7:56  Spore Crawler  
  175  7:57  Ravager  
  175  7:58  Zergling x10  
  180  7:59  Baneling x4  
  180  8:00  Baneling x2  
  180  8:04  Overseer  
  180  8:11  Zergling x16  
  180  8:12  Zergling x2  
  185  8:14  Overlord  
  185  8:19  Overlord  
  185  8:25  Baneling x6  
  183  8:36  Baneling x10, Overlord  
  183  8:37  Overlord x3  
  175  8:50  Roach  
  165  8:57  Roach x12  
  165  9:02  Ravager  
  188  9:06  Zergling x16  
  194  9:21  Zergling x12  
  200  9:29  Roach x3  
  156  9:39  Roach x2  
  156  9:42  Roach  
  156  9:44  Queen x2  
  156  9:49  Roach x2  
  156  9:51  Ravager x6  
  166  9:53  Zergling x2  
  166  9:59  Zergling x2  
  168  10:01  Hatchery  
  168  10:02  Zergling x4  
  169  10:10  Zergling x2  
  169  10:11  Overlord  
  170  10:18  Roach x4  
  176  10:21  Overlord  
  173  10:29  Roach x5  
  173  10:30  Ravager x3  
  173  10:31  Ravager, Baneling  
  185  10:38  Zergling x8, Overlord  
  189  10:44  Baneling x7  

Tags
 
Add a new tag
Caveats
  • Supply blocks, unpowered buildings, or Contaminate may cause inaccurate times.
  • Supply counts are checked every 10 seconds.